 Dungeon Crawl Stone Soup version 0.31.0-12-g77e489cdc1 (webtiles) character file.

Game seed: 12829775567160685035

734 Killerpretzel the Changeling (level 7, 0/46 HPs)
             Began as an Octopode Shapeshifter on Mar 6, 2024.
             Succumbed to a water moccasin's poison
             ... on level 5 of the Dungeon.
             The game lasted 00:03:52 (3504 turns).

Killerpretzel the Changeling (OpSh)                 Turns: 3504, Time: 00:03:53

Health: 0/46       AC:  1    Str: 13    XL:     7   Next: 74%
Magic:  1/7        EV: 14    Int: 12    God:
Gold:   241        SH:  4    Dex: 16    Spells: 6/6 levels left

rFire   . . .        d - +5 scimitar of Green Punishment {drain, Dex+2}
rCold   . . .        r - +0 buckler
rNeg    . . .        (helmet currently unavailable)
rPois   .            h - amulet of guardian spirit
rElec   .            (no ring)
rCorr   .            (no ring)
SInv    .            (no ring)
Will    .....        (no ring)
Stlth   +            (no ring)
HPRegen 0.27/turn    (no ring)
MPRegen 0.10/turn    (no ring)
                     (no ring)

%: guardian spirit
@: lethally poisoned (0 -> -2), on fire, beast-form, glowing
A: beast (slay +3), almost no armour, amphibious, 8 rings, camouflage 1,
gelatinous body 1, (nimble swimmer 1), tentacles
a: Begin Untransformation


You were on level 5 of the Dungeon.
You were a hulking beast.
You visited 1 branch of the dungeon, and saw 5 of its levels.

You collected 241 gold pieces.

Inventory:

Hand Weapons
 d - the +5 scimitar of Green Punishment (weapon) {drain, Dex+2}
   (You found it on level 2 of the Dungeon)

   Dex+2:     It affects your dexterity (+2).
Missiles
 s - 2 boomerangs (quivered)
Armour
 r - a +0 buckler (worn)
Jewellery
 h - an amulet of guardian spirit (around mantle)
Talismans
 b - a beast talisman
 c - a flux talisman
Wands
 l - a wand of paralysis (7)
 p - a wand of iceblast (8)
Scrolls
 i - 2 scrolls of teleportation
 j - a scroll of vulnerability
 n - 2 scrolls of enchant armour {unknown}
 o - 2 scrolls of identify
 q - a scroll of immolation
 t - a scroll of enchant weapon
 u - a scroll of noise {unknown}
Potions
 a - 4 potions of lignification
 g - a potion of heal wounds {unknown}
 k - a potion of enlightenment {unknown}
 m - a potion of invisibility {unknown}


   Skills:
 + Level 3.5 Fighting
 + Level 4.0 Dodging
 + Level 1.5 Shields
 + Level 4.6 Unarmed Combat
 * Level 5.5 Shapeshifting


You had 6 spell levels left.
You didn't know any spells.
Your spell library was empty.

Dungeon Overview and Level Annotations

Branches:
Dungeon (5/15)
 Temple: D:4-7

Altars:
Ru
Vehumet

Shops:
D:1 *   D:4 *


Innate Abilities, Weirdness & Mutations

You are a hulking beast.
Your limbs bulge with bestial killing power. (Slay +3)
You cannot wear most types of armour.
You are amphibious.
You can wear up to eight rings at the same time.
Your skin changes colour to match your surroundings (Stealth+).
Your rubbery body absorbs attacks. (AC +1, EV +1)
((You are camouflaged when in or above water. (Stealth+)))
You have tentacles for arms and can constrict up to eight enemies at once.


Message History

You closely miss the water moccasin. Your grab misses the water moccasin.
The water moccasin is severely wounded.
You feel very sick. The water moccasin bites you!
You are more poisoned.
The water moccasin poisons you! The water moccasin bites you!
You slice the water moccasin!!
You kill the water moccasin!
You feel very sick. You block the adder's attack.
You barely miss the adder. You grab the adder. You squeeze the adder!
You kill the adder!
You feel very sick. The scorpion closely misses you.
Your Dodging skill increases to level 4!
You closely miss the scorpion. You grab the scorpion.
You constrict the scorpion.
You feel very sick. You block the scorpion's attack.
You slash the scorpion! You squeeze the scorpion.
You kill the scorpion!
You feel very sick. The ufetubus barely misses you.
The ufetubus completely misses you.
You slash the ufetubus!
You kill the ufetubus!
You feel sick.
The bombardier beetle sprays incendiary fluid at you.
The burning spray hits you.
You are covered in liquid fire!
You shake off some of the fire as you move.
The liquid fire burns you!
* * * LOW HITPOINT WARNING * * *
You feel sick. The bombardier beetle bites you.
* * * LOW HITPOINT WARNING * * *
You see here a hound corpse.
You slash the bombardier beetle! You drain the bombardier beetle.
You kill the bombardier beetle!
The liquid fire burns you!
* * * LOW HITPOINT WARNING * * *
You die...

#.#.###.##........§..
#.#...(.....###..☼.☼#
#.#..##...........###
#.#..######.####..#
#.#..# #.# #..# #.#..#
#.####..#####. #####.#..#
#............. .........#
########.#.###..
##.#####.# #...h......#
##.# #.#
#.####.....####.#... ...#
#.#### #.......)........
##.#
#<...#.##.#.....##.....##
...#####.##.#.##.##.#..#
..##... ##............##
#.#.......# #
###.#......###
#.##.#...## #.....#.####
#.##"##.## #...........
(. ..# .#


There were no monsters in sight!

Vanquished Creatures
  A water moccasin (D:5)
  A black bear (D:4)
  A scorpion (D:5)
  2 bombardier beetles
  A hound (D:5)
  An orc priest (D:3)
  A jelly (D:5)
  3 sleepcaps
  2 iguanas
  An orc wizard (D:5)
  10 adders
  An ufetubus (D:5)
  2 ribbon worms
  2 dart slugs (D:1)
  8 orcs (D:3)
  5 ball pythons
  4 bats
  6 endoplasms
  4 giant cockroaches
  4 goblins
  16 hobgoblins
  7 jackals
  8 kobolds
  2 quokkas
  2 frilled lizards
  4 rats
99 creatures vanquished.

Notes
Turn   | Place    | Note
-------+----------+-------------------------------------------
     0 | D:1      | Killerpretzel the Octopode Shapeshifter began the quest for
                  | the Orb.
     0 | D:1      | Reached XP level 1. HP: 13/13 MP: 1/1
   177 | D:1      | Reached XP level 2. HP: 10/18 MP: 2/2
   291 | D:1      | Found Vuoson's General Store.
   702 | D:2      | Reached XP level 3. HP: 23/23 MP: 3/3
   775 | D:2      | Identified the +5 scimitar of Green Punishment {drain,
                  | Dex+2}
  1267 | D:3      | Reached XP level 4. HP: 29/29 MP: 4/4
  1355 | D:3      | Reached skill level 4 in Shapeshifting
  1722 | D:3      | Reached XP level 5. HP: 33/34 MP: 5/5
  2593 | D:4      | Found Moiruf's Gadget Gallery.
  2604 | D:4      | Noticed a black bear
  2608 | D:4      | Killed a black bear
  2609 | D:4      | Reached XP level 6. HP: 33/41 MP: 3/6
  3221 | D:5      | Entered Level 5 of the Dungeon
  3270 | D:5      | Reached skill level 5 in Shapeshifting
  3369 | D:5      | Found a sacrificial altar of Ru.
  3421 | D:5      | Found a radiant altar of Vehumet.
  3427 | D:5      | Reached XP level 7. HP: 42/46 MP: 7/7
  3479 | D:5      | Reached skill level 1 in Shields
  3504 | D:5      | HP: 1/46 [burnt (2)]
  3504 | D:5      | Succumbed to a water moccasin's poison

Illustrated notes

Levels and vault maps discovered:
D:1:      lightli_arrival_farm, layout_basic, serial_shops, shop
D:2:      layout_rooms
D:3:      layout_basic
D:4:      layout_basic, nicolae_shop_gadgets
D:5:      layout_loops_ring, mainiacjoe_overflow_brackets, fiery_altar_vehumet,
          grunt_temple_overflow_diamond, minmay_bent

Skill      XL: |  1  2  3  4  5  6  7 |
---------------+----------------------+-----
Fighting       | 2 3 |  3.5
Shapeshifting  | 4 5 |  5.5
Dodging        | 3 4 |  4.0
Unarmed Combat | 4 |  4.6
Shields        | 1 |  1.5

Action                     |  1- 3 |  4- 6 |  7- 9 || total
---------------------------+-------+-------+-------++-------
  Melee: Unarmed           |    59 |       |       ||    59
         Constrict         |    17 |    19 |     5 ||    41
         Tentacles         |    10 |    15 |     4 ||    29
         Punch             |     3 |     1 |       ||     4
         Scimitar          |     2 |    73 |    23 ||    98
    Use: Scroll            |     8 |       |       ||     8
         Potion            |       |       |     2 ||     2
   Stab: Sleeping          |     7 |    14 |       ||    21
 Armour: Skin              |    28 |    27 |    20 ||    75
  Dodge: Dodged            |    25 |    46 |    34 ||   105
  Block: Buckler           |       |       |    10 ||    10
